AoeStats
← Роман Русланович

Arena

510362013Analyzed
3v3 RM · 21h ago on Sep 30, 2026· 41m 38s· 6 players
Game mode
Random Map
Map size
Normal (6 player)
Population
200
Speed
Normal
Resources
Standard
Victory
Conquest
Starting age
Dark Age
Ending age
Imperial Age
RankedLock teamsTeams togetherTeam positionsShared explorationLock speedFull tech treeHidden civsTurbo modeCheats
Victory
Defeat
🇨🇱 Spanish · Chile
1147
+13
🇺🇸 Vikings · United States
1079
+16
1000
+58
🇦🇹 Ethiopians · Austria
1072
-16
🇦🇹 Poles · Austria
1068
-16
🇦🇹 Romans · Austria
1064
-16
MeanMachine
5:06 Loom
10:54 Feudal Age
15:29 Castle Age
16:01 Double-Bit Axe
16:49 Horse Collar
23:16 Bow Saw
23:14 Heavy Plow
24:44 Wheelbarrow
23:54 Town Watch
24:06 Gold Mining
25:26 Scale Barding Armor
25:32 Forging
30:50 Imperial Age
28:36 Hand Cart
28:21 Town Patrol
28:13 Stone Mining
28:48 Chain Barding Armor
29:04 Iron Casting
29:13 Husbandry
29:24 Bloodlines
30:02 Szlachta Privileges
31:09 Cavalier
33:40 Blast Furnace
33:05 Conscription
40:30 Crop Rotation
40:38 Stone Shaft Mining
41:07 Chemistry
40:12 Siege Engineers
40:18 Masonry
39:48 Treadmill Crane
Tode[S]hrimp
10:41 Feudal Age
14:13 Castle Age
12:47 Double-Bit Axe
13:44 Horse Collar
16:39 Bow Saw
17:26 Loom
25:07 Wheelbarrow
30:47 Imperial Age
28:18 Heavy Plow
27:49 Man-at-Arms
28:30 Squires
29:42 Ballistics
30:06 Long Swordsman
32:15 Siege Engineers
33:12 Chemistry
32:50 Scale Mail Armor
33:00 Forging
32:52 Pikeman
34:51 Heavy Scorpion
38:04 Legionary
40:04 Chain Mail Armor
40:24 Iron Casting
Klautsche
10:27 Feudal Age
11:37 Double-Bit Axe
14:08 Castle Age
12:48 Horse Collar
15:22 Bow Saw
15:13 Heavy Plow
22:07 Fletching
22:24 Elite Skirmisher
26:15 Gold Mining
27:40 Stone Mining
27:41 Loom
28:34 Wheelbarrow
29:10 Bodkin Arrow
32:56 Imperial Age
30:46 Hand Cart
30:18 Town Watch
31:09 Gold Shaft Mining
34:42 Chemistry
33:47 Torsion Engines
33:36 Onager
35:56 Two-Man Saw
35:14 Town Patrol
35:26 Siege Engineers
37:46 Siege Onager
39:25 Squires
38:46 Halberdier
HartyHart
10:32 Feudal Age
11:46 Loom
15:04 Castle Age
13:43 Double-Bit Axe
20:27 Horse Collar
21:00 Bow Saw
21:07 Gold Mining
27:53 Imperial Age
26:45 Scale Mail Armor
26:56 Forging
26:09 Man-at-Arms
26:51 Squires
26:58 Heavy Plow
27:06 Long Swordsman
28:14 Chain Mail Armor
27:57 Two-Handed Swordsman
28:51 Fletching
29:26 Champion
33:44 Bodkin Arrow
34:22 Masonry
34:34 Ballistics
Роман Русланович
19:29 Feudal Age
20:04 Double-Bit Axe
20:15 Gold Mining
20:17 Stone Mining
21:35 Fletching
21:45 Padded Archer Armor
21:48 Horse Collar
23:27 Wheelbarrow
24:09 Scale Barding Armor
28:45 Castle Age
27:56 Forging
29:49 Bodkin Arrow
30:11 Bow Saw
30:28 Hand Cart
31:27 Leather Archer Armor
31:35 Heavy Plow
32:14 Gold Shaft Mining
32:18 Stone Shaft Mining
40:23 Masonry
40:52 Iron Casting
43:00 Imperial Age
Revenge
11:14 Feudal Age
15:26 Castle Age
14:09 Loom
14:15 Double-Bit Axe
16:37 Bow Saw
17:17 Horse Collar
25:37 Padded Archer Armor
26:15 Wheelbarrow
32:48 Imperial Age
30:36 Gold Mining
30:43 Stone Mining
33:36 Bloodlines
33:27 Husbandry
33:34 Inquisition
33:58 Hand Cart
35:39 Cavalier
36:33 Scale Barding Armor
37:15 Forging
Connection lost

Rejoining the realm…

Still unreachable

The connection could not be restored.

Session expired

The server has moved on; the page needs a fresh start.